 Dungeon Crawl Stone Soup version 0.23-a0-175-g97aacdb306 (webtiles) character file.

35 ICC the Sneak (level 3, -2/16 HPs)
             Began as a Vine Stalker Enchanter on Sept 16, 2018.
             Killed from afar by Sigmund (5 damage)
             ... with a puff of flame
             ... on level 2 of the Dungeon.
             The game lasted 00:05:43 (1487 turns).

ICC the Sneak (Vine Stalker Enchanter)              Turns: 1487, Time: 00:05:43

Health: -2/16      AC:  2    Str: 10    XL:     3   Next: 33%
Magic:  0/8        EV: 12    Int: 16    God:
Gold:   15         SH:  0    Dex: 14    Spells: 5/8 levels left

rFire    . . .     SeeInvis .   a - +1 dagger
rCold    . . .     Gourm    .   (no shield)
rNeg     . . .     Faith    .   b - +0 robe
rPois    .         Spirit   +   (no helmet)
rElec    .         Reflect  .   (no cloak)
rCorr    .         Harm     .   (no gloves)
MR       .....                  (no boots)
Stlth    +.........             (no amulet)
HPRegen  0.05/turn              (no ring)
MPRegen  0.11/turn              (no ring)

@: confused
A: fangs 2, magic shield, antimagic bite, no potion heal 3, rot immunity
a: no special abilities


You were on level 2 of the Dungeon.
You were hungry.

You visited 1 branch of the dungeon, and saw 2 of its levels.

You collected 15 gold pieces.

Inventory:

Hand Weapons
 a - a +1 dagger (weapon)
Armour
 b - a +0 robe (worn)
Scrolls
 c - 2 scrolls of remove curse {unknown}
 e - a scroll of fog {unknown}
 f - a scroll of enchant armour {unknown}
 g - a scroll of teleportation {unknown}
Comestibles
 d - 2 rations


   Skills:
 - Level 1.1 Short Blades
 - Level 2.0 Dodging
 - Level 4.0 Stealth
 + Level 3.1 Spellcasting
 - Level 3.0 Hexes


You had 5 spell levels left.
You knew the following spells:

 Your Spells              Type           Power        Failure   Level  Hunger
a - Corona                Hex            ##.....      5%          1    None
b - Ensorcelled Hibernat  Hex/Ice        #.....       16%         2    ##.....

Your spell library contained the following spells:

 Spells                   Type           Power        Failure   Level  Hunger
 Confuse                  Hex            ##......     16%         3    ###....
 Tukima's Dance           Hex            ##......     16%         3    ###....
 Dazzling Spray           Conj/Hex       #.....       30%         3    ###....


Dungeon Overview and Level Annotations

Branches:
Dungeon (2/15)

Altars:

Annotations:
D:2 Sigmund


Innate Abilities, Weirdness & Mutations

You have extremely sharp teeth.
When hurt, damage is shared between your health and your magic reserves.
Your bite disrupts and absorbs the magic of your enemies.
Potions cannot restore your health.
You are immune to rotting.


Message History

Sigmund resists with some effort.
Sigmund hits you from afar with a scythe of protection.
* * * LOW HITPOINT WARNING * * *
Casting: Ensorcelled Hibernation (safe; 16% risk of failure)
Confirm with . or Enter, or press ? or * to list all spells.
Aiming: Ensorcelled Hibernation (safe; 16% risk of failure)
Press: ? - help, Shift-Dir - straight line, f/p - Sigmund
Aim: Sigmund, wielding a scythe of protection and wearing a robe (chance to Sigmund resists with some effort.
Sigmund completely misses you.
You aren't carrying any potions.
Sigmund casts a spell at you.
You are confused.
You bump into the rock wall.
Sigmund gestures wildly while chanting.
Sigmund flickers and vanishes!
Deactivating autopickup; reactivate with Ctrl-A.
You're too confused to move!
A puff of flame appears from out of thin air!
The puff of flame hits you!
You die...

#####
#...#
#.#.#
#{#.#
#.#.#
#.#.#
#.#.#
#@#.#
#.#@#
#.#.#
#.#.#
#.#.#
#.#.#
#.#.##
#.#..##
#.#..$###


There were no monsters in sight!

Vanquished Creatures
  An adder (D:2)
  2 leopard geckos (D:1)
  3 giant cockroaches (D:1)
  3 goblins (D:1)
  4 hobgoblins (D:1)
  3 kobolds (D:1)
  A bat (D:1)
  4 frilled lizards (D:1)
  A rat (D:1)
22 creatures vanquished.

Notes
Turn   | Place    | Note
-------+----------+-------------------------------------------
     0 | D:1      | ICC the Vine Stalker Enchanter began the quest for the Orb.
     0 | D:1      | Reached XP level 1. HP: 9/9 MP: 4/4
    63 | D:1      | Reached skill level 1 in Short Blades
    74 | D:1      | Reached XP level 2. HP: 3/13 MP: 1/6
    78 | D:1      | Learned a level 2 spell: Ensorcelled Hibernation
   490 | D:1      | Reached skill level 4 in Stealth
  1088 | D:1      | Reached XP level 3. HP: 13/16 MP: 1/8
  1414 | D:2      | Noticed Sigmund
  1487 | D:2      | Killed from afar by Sigmund

Vault maps used:
D:1:      lemuel_arrival_room, minmay_misc_feat_alley
D:2:      nrook_mini_backslash, minivault_5, uniq_sigmund

Skill      XL: |  1  2  3 |
---------------+----------+-----
Short Blades   | 1 |  1.1
Dodging        | 2 |  2.0
Stealth        | 4 |  4.0
Spellcasting   | 3 |  3.1
Hexes          | |  3.0

Action                   || total
-------------------------++-------
Melee: Dagger            ||    46
       Bite              ||    10
 Cast: Corona            ||     8
       Ensorcelled Hiber ||    11
 Stab: Sleeping          ||    11
       Distracted        ||     1
  Eat: Chunk             ||     2
Armor: Robe              ||     8
Dodge: Dodged            ||    27

Table legend:
 A = Non-vault XP
 B = Vault XP
 C = Vault XP percentage of total XP
 D = Non-vault monster count
 E = Vault monster count
 F = Vault count percentage of total count
                 A         B        C        D         E       F
            +---------+---------+-------+---------+---------+-------
      Total |      50 |       0 |   0.0 |      22 |       0 |   0.0
            +---------+---------+-------+---------+---------+-------
        D:1 |      37 |       0 |   0.0 |      21 |       0 |   0.0
        D:2 |      13 |       0 |   0.0 |       1 |       0 |   0.0
            +---------+---------+-------+---------+---------+-------
